 Dungeon Crawl Stone Soup version 0.20.1-1-g8b1a95d (webtiles) character file.

240 BALLS the Slasher (level 6, -2/32 HPs)
             Began as a Vine Stalker Fighter on Dec 19, 2017.
             Slain by an orc
             ... wielding a +0 flail
              (6 damage)
             ... on level 3 of the Dungeon.
             The game lasted 00:03:17 (1763 turns).

BALLS the Slasher (Vine Stalker Fighter)            Turns: 1763, Time: 00:03:19

Health: -2/32      AC:  6    Str: 20    XL:     6   Next: 8%
Magic:  0/7        EV:  7    Int:  8    God:
Gold:   104        SH:  9    Dex: 14    Spells: 5/5 levels left

rFire    . . .     SeeInvis .   a - +0 long sword
rCold    . . .     Gourm    .   c - +0 shield
rNeg     . . .     Faith    .   b - +0 scale mail
rPois    .         Spirit   +   (no helmet)
rElec    .         Reflect  .   (no cloak)
rCorr    .         Harm     .   (no gloves)
MR       .....                  (no boots)
Stlth    ..........             (no amulet)
Regen    0.5/turn               (no ring)
MPRegen  0.1/turn               (no ring)

@: no status effects
A: fangs 2, regeneration 1, magic shield, antimagic bite, no potion heal 3, rot
immunity
a: no special abilities


You were on level 3 of the Dungeon.
You were not hungry.

You visited 1 branch of the dungeon, and saw 3 of its levels.

You collected 104 gold pieces.

Inventory:

Hand Weapons
 a - a +0 long sword (weapon)
Armour
 b - a +0 scale mail (worn)
 c - a +0 shield (worn)
Jewellery
 j - a +5 ring of protection {unknown}
Scrolls
 h - 3 scrolls of teleportation {unknown}
 i - a scroll of remove curse {unknown}
 q - a scroll of enchant armour {unknown}
 r - a scroll of identify {unknown}
 s - a scroll of magic mapping {unknown}
Potions
 d - a potion of might
 e - a potion of brilliance {unknown}
 k - 2 potions of haste {unknown}
 l - 3 potions of agility {unknown}
 m - a potion of mutation {unknown}
 n - a potion of cancellation {unknown}
Comestibles
 f - 2 bread rations
 g - 11 chunks of flesh
 o - a meat ration
 p - a royal jelly
 t - 2 fruits


   Skills:
 - Level 2.6 Fighting
 + Level 5.6 Long Blades
 - Level 2.4 Armour
 - Level 2.6 Shields


You had 5 spell levels left.
You didn't know any spells.

Dungeon Overview and Level Annotations

Branches:
Dungeon (3/15)

Altars:
Fedhas


Innate Abilities, Weirdness & Mutations

You have extremely sharp teeth.
Your natural rate of healing is unusually fast.
When hurt, damage is shared between your health and your magic reserves.
Your bite disrupts and absorbs the magic of your enemies.
Potions cannot restore your health.
You are immune to rotting.


Message History

You hit the orc priest.
The orc priest is severely wounded.
The orc priest mumbles some strange prayers to Beogh against you.
Beogh smites you!
* * * LOW HITPOINT WARNING * * *
You block the orc's attack. x2
You hit the orc priest but do no damage.
The orc priest is severely wounded.
The orc priest hits you but does no damage.
The orc closely misses you.
You riposte.
You barely miss the orc. You bite the orc. You drain its power.
You feel invigorated.
The orc is moderately wounded.
You block the orc's attack.
You hit the orc priest but do no damage.
The orc priest is severely wounded.
The orc priest hits you but does no damage.
The orc hits you with a hand axe.
* * * LOW HITPOINT WARNING * * *
The orc hits you with a flail!
You die...

####### ##########......
.o #.......##.##### ....
#............##
.....####........##...##
......o@.........#.....#
..##...oo........#.....#
#.....#...............
........#.......##.#.#.#
###.....####.#####....##
#. ##...## #.# #.#....
#.# #### #.# #.####.
##.### #.# #...... ....#
.# ######.


You could see an orc priest and 2 orcs.

Vanquished Creatures
  Sigmund (D:2)
  3 adders
  An ooze (D:2)
  A dart slug (D:1)
  2 leopard geckos
  An orc (D:3)
  A ball python (D:2)
  5 bats
  5 goblins (D:3)
  9 hobgoblins
  6 jackals
  2 kobolds (D:1)
  A quokka (D:3)
  3 frilled lizards
  3 rats (D:2)
44 creatures vanquished.

Notes
Turn   | Place    | Note
-------+----------+-------------------------------------------
     0 | D:1      | BALLS the Vine Stalker Fighter began the quest for the Orb.
     0 | D:1      | Reached XP level 1. HP: 11/11 MP: 2/2
    22 | D:1      | Reached skill level 2 in Long Blades
   160 | D:1      | Reached XP level 2. HP: 15/16 MP: 1/3
   424 | D:1      | Reached skill level 3 in Long Blades
   700 | D:2      | Reached XP level 3. HP: 19/19 MP: 4/4
   858 | D:2      | Noticed Sigmund
   871 | D:2      | Killed Sigmund
   871 | D:2      | Reached skill level 5 in Long Blades
   871 | D:2      | Gained mutation: Your natural rate of healing is unusually fast. [Vine Stalker growth]
   871 | D:2      | Reached XP level 4. HP: 7/23 MP: 3/5
   871 | D:2      | Reached XP level 5. HP: 8/27 MP: 3/6
  1249 | D:2      | Found a blossoming altar of Fedhas.
  1604 | D:3      | Reached XP level 6. HP: 28/32 MP: 5/7
  1763 | D:3      | Slain by an orc

Skill      XL: |  1  2  3 |
---------------+----------+-----
Long Blades    | 2 3 5 |  5.6
Fighting       | |  2.6
Armour         | |  2.4
Shields        | |  2.6

Action                   |  1- 3 |  4- 6 || total
-------------------------+-------+-------++-------
Melee: Long sword        |    68 |    67 ||   135
       Bite              |    23 |    14 ||    37
  Eat: Chunk             |       |     3 ||     3
Armor: Scale mail        |    22 |    27 ||    49
Dodge: Dodged            |    21 |    21 ||    42
Block: Shield            |    27 |    41 ||    68
       Rpst.: Long sword |     7 |     4 ||    11
